 Seeded DCSS version 0.30.1-6-gbe392663c4 (webtiles) character file.

Game seed: 15660985446129201502 (custom seed)

698 AccursedSamuel the Cudgeller (level 7, -3/44 HPs)
             Began as a Tengu Monk on Sept 21, 2023.
             Slain by a scorpion (6 damage)
             ... on level 5 of the Dungeon.
             The game lasted 00:06:14 (4332 turns).

AccursedSamuel the Cudgeller (Tengu Monk)           Turns: 4332, Time: 00:06:15

Health: -3/44      AC:  2    Str: 14      XL:     7   Next: 65%
Magic:  17/17      EV: 14    Int: 10      God:
Gold:   291        SH:  0    Dex:  4 (13) Spells: 6/6 levels left

rFire   . . .        e - +6 dire flail "Adwiasm" {elec, rC++ rN+ MP+9 Dex-3}
rCold   + + .        (shield currently unavailable)
rNeg    + . .        b - +0 robe
rPois   .            (helmet restricted)
rElec   .            (no cloak)
rCorr   .            (no gloves)
SInv    .            (boots unavailable)
Will    .....        (no amulet)
Stlth   +            (no ring)
HPRegen 0.27/turn    (no ring)
MPRegen 0.15/turn

%: no passive effects
@: lethally poisoned (-3 -> -7), flying quickly and evasively, quick
A: beak, talons 3, nimble flight
a: no special abilities


You were on level 5 of the Dungeon.
You visited 1 branch of the dungeon, and saw 5 of its levels.

You collected 291 gold pieces.

Inventory:

Hand Weapons
 a - a +0 hand axe
 e - the +6 dire flail "Adwiasm" (weapon) {elec, rC++ rN+ MP+9 Dex-3}
   (You acquired it on level 1 of the Dungeon)

   Dex:       It affects your dexterity (-3).
   rC:        It greatly protects you from cold.
   rN:        It protects you from negative energy.
   MP:        It affects your magic capacity (+9).
Armour
 b - a +0 robe (worn)
 d - an orb of light
Jewellery
 n - a +4 ring of protection
Wands
 u - a wand of iceblast (2)
Scrolls
 f - 7 scrolls of teleportation {unknown}
 h - a scroll of enchant armour {unknown}
 i - a scroll of noise {unknown}
 k - a scroll of immolation {unknown}
 p - 3 scrolls of identify {unknown}
 r - a scroll of fog {unknown}
 s - 2 scrolls of blinking {unknown}
 t - a scroll of torment {unknown}
Potions
 c - a potion of ambrosia
 g - a potion of curing {unknown}
 j - a potion of degeneration {unknown}
 l - a potion of attraction {unknown}
 m - 2 potions of magic {unknown}
 o - 2 potions of flight {unknown}
 q - a potion of heal wounds {unknown}
 v - a potion of haste {unknown}


   Skills:
 + Level 4.7 Fighting
 + Level 3.8(5.5) Axes
 + Level 6.2(6.7) Maces & Flails
 + Level 4.6 Dodging
 + Level 2.1 Stealth


You had 6 spell levels left.
You didn't know any spells.
Your spell library contained the following spells:

 Spells                   Type           Power      Damage    Failure   Level
 Cigotuvi's Dreadful Rot  Necr/Pois/Air  0%         N/A       50%         2
 Lesser Beckoning         Tloc           0%         N/A       50%         2
 Gell's Gravitas          Tloc           0%         N/A       75%         3
 Ignite Poison            Fire/Tmut/Pois 0%         N/A       75%         3
 Teleport Other           Tloc           0%         N/A       75%         3
 Dispel Undead            Necr           0%         3d6       98%         4
 Sticky Flame             Conj/Fire      0%         2d3       98%         4
 Death Channel            Necr           0%         N/A       100%        6
 Ignition                 Fire           0%         3d3       100%        8


Dungeon Overview and Level Annotations

Branches:
Dungeon (5/15)
 Temple: D:4-7

Altars:
Ru
Wu Jian

Annotations:
D:2 1 runed translucent door, Crazy Yiuf


Innate Abilities, Weirdness & Mutations

You have a beak for a mouth.
You have claws for feet.
Your magical nature lets you fly swiftly and evasively.


Message History

The hound is heavily wounded.
The hound closely misses you. The hound barely misses you.
You barely miss the hound. Your kick misses the hound.
The hound is heavily wounded.
The hound bites you.
You hit the hound but do no damage. Your kick misses the hound.
The hound is heavily wounded.
The hound barely misses you. x2
You closely miss the hound. Your kick misses the hound.
Your peck misses the hound.
The hound is moderately wounded.
The hound pauses to sniff the ground.
The hound completely misses you.
You puncture the hound!
You kill the hound!
You feel your dexterity returning.
Found a scroll labelled TUAKLO XUXO.
Found a sacrificial altar of Ru.
p - 2 scrolls labelled TUAKLO XUXO (gained 1)
A sleepcap comes into view.
You see here a scroll labelled TUAKLO XUXO.
p - 3 scrolls labelled TUAKLO XUXO (gained 1)
Found a scale mail.
An ogre comes into view. It is wielding a +0 giant spiked club.
A scorpion comes into view.
The ogre hits you with a +0 giant spiked club!!
Ouch! That really hurt!
* * * LOW HITPOINT WARNING * * *
The scorpion attacks as you move away! The scorpion misses you.
The scorpion stings you!
* * * LOW HITPOINT WARNING * * *
You are lethally poisoned!
The scorpion poisons you!
* * * LOW HITPOINT WARNING * * *
You feel sick. The scorpion attacks as you move away!
The scorpion barely misses you.
* * * LOW HITPOINT WARNING * * *
You feel sick. The scorpion attacks as you move away! The scorpion stings you.
You die...

##.....## ##..#
##....## #†## ##....##
##.# ##.....## #..####
###.......## ##.....#
###[.........##
##..#####
..............####..##
.............O.##..##
.............s@...##
...##.##...........# .
..#.#............##
#.....#...........#
##...##...........##
..._...............#
##...##............#
#... #...........#.#
..# #...........#####


You could see an ogre and a scorpion.

Vanquished Creatures
  Sigmund (D:4)
  A scorpion (D:4)
  2 hounds
  2 quasits
  3 orc priests
  2 iguanas
  Jessica (D:2)
  Ijyb (D:4)
  3 adders
  A white imp (D:5)
  3 ufetubi (D:4)
  A worm (D:4)
  4 dart slugs
  10 orcs
  9 endoplasms
  2 giant cockroaches (D:2)
  8 goblins
  9 hobgoblins
  6 kobolds
  6 quokkas
  6 ball pythons
  3 bats
  7 frilled lizards
  8 rats
  A spectral kobold (D:2)
100 creatures vanquished.

Notes
Turn   | Place    | Note
-------+----------+-------------------------------------------
     0 | D:1      | AccursedSamuel the Tengu Monk began the quest for the Orb.
     0 | D:1      | Reached XP level 1. HP: 14/14 MP: 2/2
    94 | D:1      | Identified a scroll of acquirement
    94 | D:1      | Acquired the +6 dire flail "Adwiasm" {elec, rC++ rN+ MP+9
                  | Dex-3}
   197 | D:1      | Reached XP level 2. HP: 15/19 MP: 3/3
   515 | D:1      | Reached XP level 3. HP: 16/23 MP: 4/4
  1053 | D:2      | Found a faded altar of an unknown god.
  1056 | D:2      | Reached skill level 1 in Maces & Flails
  1166 | D:2      | Found a runed translucent door.
  1167 | D:2      | Noticed Crazy Yiuf
  1346 | D:2      | Noticed Jessica
  1356 | D:2      | Killed Jessica
  1357 | D:2      | Reached skill level 2 in Maces & Flails
  1357 | D:2      | Reached XP level 4. HP: 29/29 MP: 5/5
  1858 | D:3      | Gained mutation: Your magical nature lets you fly swiftly
                  | and evasively. [Tengu growth]
  1858 | D:3      | Reached XP level 5. HP: 25/33 MP: 6/6
  1861 | D:3      | Reached skill level 3 in Maces & Flails
  1970 | D:3      | Found an ornate altar of the Wu Jian Council.
  2457 | D:4      | Reached skill level 4 in Maces & Flails
  2457 | D:4      | Reached skill level 1 in Stealth
  2457 | D:4      | Reached XP level 6. HP: 16/38 MP: 7/7
  3268 | D:4      | Noticed Sigmund
  3271 | D:4      | Noticed Ijyb
  3279 | D:4      | Killed Sigmund
  3280 | D:4      | Reached skill level 5 in Maces & Flails
  3280 | D:4      | Reached XP level 7. HP: 42/44 MP: 8/8
  3281 | D:4      | Killed Ijyb
  3777 | D:5      | Entered Level 5 of the Dungeon
  3785 | D:5      | Reached skill level 6 in Maces & Flails
  4299 | D:5      | Found a sacrificial altar of Ru.
  4332 | D:5      | Slain by a scorpion

Illustrated notes

Levels and vault maps discovered:
D:1:      minmay_arrival_pointy, layout_loops_ring, minmay_gold_behind_fungi
D:2:      layout_basic, dreamdust_ecumenical_altar_drowned_temple,
          hangedman_decor_clover_reticule, fountainhead,
          uniq_crazy_yiuf_cottage, uniq_jessica
D:3:      layout_loops_ring, general_overflow_altar, serial_bayou_pond_d
D:4:      layout_basic, nicolae_eternal_life, uniq_ijyb, uniq_sigmund
D:5:      layout_layer_cave, mainiacjoe_overflow_small_starburst,
          elyvilon_altar_1, serial_demonic, serial_demonic_e, serial_demonic_b,
          serial_demonic_e, serial_demonic_a, serial_demonic_e,
          serial_demonic_e, serial_demonic_g, serial_demonic_a,
          serial_demonic_d, serial_demonic_g, uniq_edmund

Skill      XL: |  1  2  3  4  5  6  7 |
---------------+----------------------+-----
Maces & Flails | 2 4 5 6 |  6.2
Fighting       | 4 |  4.7
Dodging        | 4 |  4.6
Stealth        | 1 2 |  2.1
Axes           | |  3.8

Action                     |  1- 3 |  4- 6 |  7- 9 || total
---------------------------+-------+-------+-------++-------
  Melee: Hand axe          |    10 |       |       ||    10
         Dire flail        |    56 |    75 |    48 ||   179
         Peck              |     9 |     5 |     7 ||    21
         Kick              |     6 |    13 |     7 ||    26
    Use: Scroll            |     1 |       |       ||     1
   Stab: Sleeping          |       |     3 |     2 ||     5
 Armour: Robe              |    13 |     4 |    19 ||    36
  Dodge: Dodged            |    52 |    60 |   108 ||   220
